[Event "*** Titled Tuesday Blitz"]
[Site "Chess.com"]
[Date "2019.07.02"]
[Round "10"]
[White "Fins0905"]
[Black "IMAghasiyevKamal"]
[Result "1/2-1/2"]
[WhiteElo "2728"]
[BlackElo "2570"]
[TimeControl "180+2"]
[EndTime "15:15:14 PDT"]
[Termination "Game drawn by repetition"]

1. d4 Nf6 2. Nf3 e6 3. c4 c5 4. d5 exd5 5. cxd5 d6 6. Nc3 g6 7. Bf4 Nh5 8. Bg5 Be7 9. Bh6 a6 10. a4 Nd7 11. e3 f5 12. Be2 Bf6 13. O-O Ng7 14. e4 Kf7 15. Bd3 Ne5 16. Nxe5+ Bxe5 17. f4 Bd4+ 18. Kh1 Bxc3 19. bxc3 fxe4 20. Bxe4 Bf5 21. Bxg7 Kxg7 22. Bxf5 gxf5 23. Qh5 Qf6 24. Rae1 Qg6 25.
Re7+ Kf8 26. Qh4 Rg8 27. g3 Rg7 28. Rfe1 Kg8 29. R1e6 Qg4 30. Re8+ Rxe8 31. Rxe8+ Kf7 32. Re7+ Kg8 33. Rxg7+ Qxg7 34. Qd8+ Qf8 35. Qd7 Qf6 36. Kg2 b5 37. axb5 axb5 38. Qxb5 Qxc3 39. Qe8+ Kg7 40.
Qe7+ Kg8 41. Qxd6 Qc2+ 42. Kh3 c4 43. Qe7 Qd1 44. d6 Qf1+ 45. Kh4 Qf3 46. h3 Qc6 47. Kg5 c3 48. Kxf5 c2 49. d7 Qd5+ 50. Kf6 Qc6+ 51. Qe6+ Qxe6+ 52. Kxe6 c1=Q 53. d8=Q+ Kg7 54. Qg5+ Kf8 55.
h4 Qc6+ 56. Ke5 Kf7 57. h5 Qc5+ 58. Ke4 Qc4+ 59. Kf3 Qf1+ 60. Ke4 Qc4+ 61. Ke5 Qc5+ 62. Ke4 Qc4+ 1/2-1/2

[Event "*** Titled Tuesday Blitz"]
[Site "Chess.com"]
[Date "2019.07.02"]
[Round "10"]
[White "platy3"]
[Black "Alexander_Moskalenko"]
[Result "1/2-1/2"]
[WhiteElo "2848"]
[BlackElo "2885"]
[TimeControl "180+2"]
[EndTime "15:15:15 PDT"]
[Termination "Game drawn by agreement"]

1. e4 e5 2. Nf3 Nc6 3. Bb5 Nf6 4.
O-O Nxe4 5. Re1 Nd6 6. Nxe5 Be7 7. Bf1 Nxe5 8. Rxe5 O-O 9. d4 Bf6 10. Re1 Re8 11.
Rxe8+ Nxe8 12. d5 d6 13. c3 c6 14. g3 Nc7 15. dxc6 bxc6 16. Bg2 d5 17. Nd2 Rb8 18. Nb3 Ne6 19. Be3 a5 20. Qd2 a4 21. Nc5 Nxc5 22.
Bxc5 Be6 23. b4 axb3 24. axb3 Rxb3 25. Bd4 Bxd4 26. cxd4 g6 27. Qf4 Kg7 28. Rc1 Qf6 29. Qxf6+ Kxf6 30. Rxc6 Rb1+ 31. Bf1 Rd1 32. h4 Rxd4 33.
Bh3 Rd1+ 34. Kg2 h6 35. Bxe6 fxe6 36. Rc7 h5 37. Rd7 e5 38. Kf3 Ke6 39. Rg7 Kf5 40. Rf7+ Ke6 41. Rg7 Kf6 42. Rd7 e4+ 43. Kf4 Rd2 44.
Rd6+ Ke7 45. Rxg6 Rxf2+ 46. Ke5 Rd2 47. Kf4 Rd3 48. Rg5 Kd6 49. Rxh5 Rf3+ 50. Kg4 d4 51. Rh8 d3 52. h5 Ke7 53. Ra8 d2 54. Ra1 Rf7 55.
h6 e3 56. h7 Rxh7 57. Kf3 Rh3 58. Kxe3 d1=Q 59. Rxd1 Rxg3+ 1/2-1/2

[Event "*** Titled Tuesday Blitz"]
[Site "Chess.com"]
[Date "2019.07.02"]
[Round "10"]
[White "Galileo22"]
[Black "TonRicher"]
[Result "1/2-1/2"]
[WhiteElo "2382"]
[BlackElo "2400"]
[TimeControl "180+2"]
[EndTime "15:15:17 PDT"]
[Termination "Game drawn by repetition"]

1. d4 Nf6 2. Nf3 d5 3. g3 e6 4. c4 Be7 5. Bg2 O-O 6. O-O dxc4 7. Qc2 a6 8. a4 Bd7 9. Qxc4 Bc6 10. Bg5 Bd5 11.
Qc2 Be4 12. Qc1 c5 13. dxc5 Qa5 14. Nbd2 Bc6 15. Nc4 Qxc5 16. Nfe5 Bxg2 17. Kxg2 b5 18. axb5 axb5 19. Rxa8 Qd5+ 20. f3 Qxa8 21. Nd2 h6 22.
Be3 Nd5 23. Bf2 Qb7 24. Qb1 Rd8 25. Nd3 Nc6 26. Nb3 Ndb4 27. Rd1 Nxd3 28. Rxd3 Ne5 29. Rxd8+ Bxd8 30. Qd1 Be7 31. Qd4 Qd5 32. Qxd5 exd5 33. Bd4 Nc4 34. Kf2 Bf6 35. e3 Nxb2 36. Bxf6 gxf6 37. Ke2 Nc4 38. f4 Kf8 39. Kd3 Ke7 40. Nd4 b4 41. Nc6+ Ke6 42. Nxb4 Nd6 43. Ke2 f5 44. Nc2 Nb5 45. Kd3 Kd6 46. Nd4 Nxd4 47. Kxd4 f6 48. h3 h5 49. Kd3 Kc6 50. Kc3 Kc5 51. Kd3 Kc6 52. Kd4 Kd6 53. Kc3 Kc5 54. Kd3 Kc6 1/2-1/2

[Event "*** Titled Tuesday Blitz"]
[Site "Chess.com"]
[Date "2019.07.02"]
[Round "10"]
[White "ecwinslow"]
[Black "zurzan"]
[Result "1-0"]
[WhiteElo "1973"]
[BlackElo "1922"]
[TimeControl "180+2"]
[EndTime "15:15:18 PDT"]
[Termination "ecwinslow won by checkmate"]

1. e4 d6 2. d4 Nf6 3. Nc3 g6 4. Bf4 c6 5. Qd2 Nbd7 6. O-O-O b5 7. Bd3 b4 8. Nce2 a5 9. h3 Rb8 10. e5 dxe5 11. dxe5 Nd5 12. Bh2 Bg7 13. Nf3 O-O 14.
Be4 Bb7 15. Nf4 Nxf4 16. Qxf4 e6 17. h4 Qe7 18. h5 g5 19. Nxg5 Bh6 20. Rxd7 Bxg5 21.
Rxe7 Bxf4+ 22. Bxf4 Rfe8 23. Rd7 Red8 24. Rhd1 Rxd7 25. Rxd7 Ba8 26. h6 a4 27. Bg5 b3 28.
cxb3 axb3 29. axb3 Rc8 30. Kc2 Re8 31. Bf6 Rc8 32.
Kc3 c5 33. Bxa8 Rxa8 34. Kc4 Rc8 35. f4 Kf8 36. g4 Ke8 37. Re7+ Kf8 38. Rb7 Ke8 39.
Rb5 Kd7 40. Rxc5 Rb8 41. b4 Rb6 42. b5 Rb7 43. Rc6 Ke8 44. Rc8+ Kd7 45. Rf8 Rc7+ 46.
Kb4 Rc8 47. Rxc8 Kxc8 48. Kc5 Kb7 49. b6 Kc8 50. Kc6 Kb8 51. Be7 Kc8 52. b7+ Kb8 53. Bd6+ Ka7 54. b8=Q+ Ka6 55. Qb6# 1-0

[Event "*** Titled Tuesday Blitz"]
[Site "Chess.com"]
[Date "2019.07.02"]
[Round "10"]
[White "AndrewMaco"]
[Black "JonahWillow"]
[Result "1-0"]
[WhiteElo "2636"]
[BlackElo "2698"]
[TimeControl "180+2"]
[EndTime "15:15:27 PDT"]
[Termination "AndrewMaco won by resignation"]

1. e4 c5 2. Nf3 e6 3. d4 cxd4 4. Nxd4 a6 5. Nc3 Qc7 6. Be3 Nf6 7. Qf3 Bb4 8. Bd2 Nc6 9. Nxc6 bxc6 10. a3 Bd6 11.
O-O-O Rb8 12. Be3 Be5 13. Bd4 c5 14. Bxe5 Qxe5 15. Qg3 Qxg3 16. hxg3 Bb7 17. f3 d5 18. g4 dxe4 19. g5 Nd7 20. Nxe4 Bxe4 21. fxe4 Rb6 22. Rh3 Ke7 23. Rhd3 Ne5 24. Rc3 Rc8 25. Be2 a5 26. Rh1 Rh8 27. Rch3 Rhb8 28. b3 a4 29. bxa4 c4 30. Kd2 Rd8+ 31. Kc3 Ra8 32. Rxh7 Rxa4 33. Ra1 g6 34. Rh3 Rba6 35. Kd2 Rd6+ 36. Ke3 Rda6 37.
Kf4 Nc6 38. Rc3 e5+ 39. Ke3 Nd4 40. Bxc4 Rc6 41. Kd3 Ra7 42. Bb3 Rd6 43. Ke3 Rb7 44. Rf1 Ne6 45. Rd3 Rxd3+ 46. Kxd3 Nf4+ 47. Kc3 Rc7+ 48. Kb2 Ke8 49. g3 Ne2 50. a4 Nxg3 51. Re1 Nh5 52. a5 Ra7 53. Ra1 Nf4 54. Bc4 Kd7 55. a6 Kc6 56. Kc3 Kc5 57. Ra5+ Kd6 58.
Kb4 Nh3 59. Rd5+ Kc6 60. Bb5+ Kb6 61. Rd6+ Kc7 62. Kc5 Nxg5 63. Rd7+ Kb8 64. Kb6 Rxd7 65. Bxd7 1-0

[Event "*** Titled Tuesday Blitz"]
[Site "Chess.com"]
[Date "2019.07.02"]
[Round "10"]
[White "aa175"]
[Black "WarlordX"]
[Result "0-1"]
[WhiteElo "2300"]
[BlackElo "2407"]
[TimeControl "180+2"]
[EndTime "15:15:32 PDT"]
[Termination "WarlordX won by resignation"]

1. d4 Nf6 2. Bf4 d5 3. e3 Bg4 4. Nf3 Nbd7 5. c3 e6 6. Nbd2 Nh5 7. Bg3 Nxg3 8. hxg3 Bd6 9. Bd3 h6 10. Qb3 b6 11. O-O c5 12. Qc2 Rc8 13. Qa4 Rc7 14.
e4 O-O 15. e5 Be7 16. Nh2 Bh5 17. Ndf3 Nb8 18. g4 Bg6 19. Bxg6 fxg6 20. Rfc1 Nc6 21. Qc2 Kh7 22. Qd3 Rf4 23. g3 Rf8 24. Kg2 Na5 25. Nf1 Nc4 26. b3 Na5 27. N1d2 Qd7 28.
g5 c4 29. Qc2 cxb3 30. axb3 Rfc8 31. c4 dxc4 32. bxc4 Bb4 33. Rxa5 Bxa5 34. Nh4 Qf7 35. Ne4 Rxc4 36. Qxc4 Rxc4 37. Rxc4 Qb7 38. f3 b5 39. Nd6 Qd7 40. Rc8 Bb4 41. Rb8 Bxd6 42.
exd6 Qxd6 43. Rxb5 Qxd4 44. gxh6 Qd2+ 45. Kh3 Kxh6 46. Rb8 Kh7 47. f4 Qd1 48. Rc8 a5 49. Re8 a4 50. Rxe6 Qd7 51. f5 gxf5 52. Ra6 f4+ 53. Kh2 fxg3+ 54. Kxg3 Qd3+ 55. Nf3 Qxa6 56. Ng5+ Kg8 57. Ne4 Qd3+ 58. Kf4 Qxe4+ 59. Kxe4 a3 60. Kf4 a2 61. Kf5 a1=Q 62. Kg6 Qa6+ 0-1

[Event "*** Titled Tuesday Blitz"]
[Site "Chess.com"]
[Date "2019.07.02"]
[Round "10"]
[White "EndgameGrinder"]
[Black "Kimster98"]
[Result "1-0"]
[WhiteElo "2583"]
[BlackElo "2578"]
[TimeControl "180+2"]
[EndTime "15:15:35 PDT"]
[Termination "EndgameGrinder won by resignation"]

1. e4 e5 2. Nf3 Nf6 3. Nxe5 d6 4. Nf3 Nxe4 5. d3 Nf6 6. d4 d5 7. Bd3 Bd6 8. Qe2+ Qe7 9. Qxe7+ Kxe7 10. O-O Re8 11.
Re1+ Kf8 12. Rxe8+ Kxe8 13. Nc3 c6 14. Bg5 Nbd7 15.
Re1+ Kf8 16. Ne5 Bb4 17. Bd2 Nxe5 18. dxe5 Nd7 19. a3 Be7 20. f4 Nc5 21. Be2 Bf5 22. Bd1 Ne4 23. Nxe4 Bxe4 24. g4 f6 25. exf6 Bxf6 26.
c3 Re8 27. Be3 b6 28. Bf2 h6 29. h4 g5 30. fxg5 hxg5 31. h5 c5 32. Ba4 Re7 33.
Kh2 d4 34. cxd4 cxd4 35. Bd1 d3 36. b3 Bc3 37. Rf1 Rf7 38. Kg1 d2 39. Be3 Rxf1+ 40. Kxf1 Bd3+ 41. Kf2 Bf6 42. Bxd2 Kg7 43. Ke3 Bh7 44. Be2 Bc2 45. Bc4 Bd1 46. Be6 Bc2 47. a4 Kh6 48. Bb4 Kg7 49. Bd6 a6 50. Bc7 b5 51. a5 b4 52. Bb6 Kh6 53. Bc5 Bc3 54.
Bf8+ Kh7 55. Be7 Kh6 56. Bd5 Bd1 57. Be6 Be1 58. Bf8+ Kh7 59. Kd4 Bf2+ 60. Kc4 Be1 61.
Bxb4 Be2+ 62. Kc5 Bf2+ 63. Kd6 Be3 64. Bc5 Bd2 65. b4 Kh6 66. Kc6 Bb5+ 67. Kb6 Be2 68. Bf8+ Kh7 69. Bc8 Be3+ 70. Bc5 Bd2 71. Bxa6 Bxg4 72.
Bb7 Bxh5 73. a6 1-0

[Event "*** Titled Tuesday Blitz"]
[Site "Chess.com"]
[Date "2019.07.02"]
[Round "10"]
[White "ElGasanov"]
[Black "chessking2151"]
[Result "0-1"]
[WhiteElo "2713"]
[BlackElo "2633"]
[TimeControl "180+2"]
[EndTime "15:15:47 PDT"]
[Termination "chessking2151 won by resignation"]

1. c4 Nf6 2. Nc3 e5 3. Nf3 Nc6 4. e3 Bb4 5. Qc2 O-O 6. Nd5 Re8 7. Ng5 g6 8. h4 d6 9. a3 Ba5 10. b4 Bb6 11. Nxf6+ Qxf6 12. Ne4 Qe7 13. h5 Bf5 14. hxg6 fxg6 15. d3 a5 16. c5 Ba7 17. b5 Nd8 18. b6 Bb8 19. Bb2 d5 20. bxc7 Bxc7 21. Qb3 Be6 22. Nd6 Bxd6 23. cxd6 Qxd6 24. d4 exd4 25.
Bxd4 Nc6 26. Rd1 Bf7 27. Be2 a4 28. Qb6 Qxa3 29. Ba1 Qb4+ 30. Qxb4 Nxb4 31. Kd2 Nc6 32. Rb1 Rab8 33. Rhc1 d4 34. exd4 Red8 35. Ke3 a3 36.
Bf3 Na5 37. Rc3 a2 38. Rb5 Nc4+ 39. Kd3 Nd6 40. Rb6 Nf5 41. Rc1 Rdc8 42. Re1 Rc7 43. g4 Ne7 44. d5 Rd7 45. d6 Nc6 46. Bxc6 Rxd6+ 47. Ke3 Rxc6 48. Rxc6 bxc6 49. Kd2 Rb1 50. Rc1 Bd5 51. Bd4 Kf7 52. f4 h5 53. gxh5 gxh5 54. f5 h4 55. Be5 h3 56. Kc2 Rxc1+ 57. Kxc1 h2 0-1

[Event "*** Titled Tuesday Blitz"]
[Site "Chess.com"]
[Date "2019.07.02"]
[Round "10"]
[White "TheBigBadChessDad"]
[Black "SoltaniciR"]
[Result "1-0"]
[WhiteElo "2313"]
[BlackElo "2563"]
[TimeControl "180+2"]
[EndTime "15:15:48 PDT"]
[Termination "TheBigBadChessDad won by resignation"]

1. d4 Nf6 2. Nf3 e6 3. Bf4 d5 4. e3 c5 5. c3 Bd6 6. Bg3 Qc7 7. Nbd2 Nbd7 8. Be2 O-O 9. O-O b6 10. Rc1 Bb7 11.
c4 Bxg3 12. hxg3 dxc4 13. Bxc4 Qd6 14. Qe2 Rfd8 15. Rfd1 Qe7 16. Ba6 Bxa6 17. Qxa6 cxd4 18. Nxd4 Nc5 19. Qa3 Qb7 20. b4 Nce4 21. Nxe4 Nxe4 22. b5 a6 23. Qb2 axb5 24. Nxb5 Nc5 25. Rxd8+ Rxd8 26.
Rb1 h6 27. Nd4 Rd6 28. Qb4 Qe4 29. Qb2 e5 30. Nf3 Nd3 31. Qb3 Rf6 32. Rd1 Rd6 33. Qc2 Qd5 34. e4 Qxe4 35. Ne1 Nc5 36. Qxe4 Nxe4 37. Rb1 Nc3 38. Rb2 Nd1 39. Rb1 Nc3 40. Rb2 e4 41. Kf1 f5 42. f3 e3 43. Rc2 Rc6 44.
Nd3 Rc7 45. f4 Kf7 46. a3 Ke6 47. Ne5 Kd5 48. Ke1 Ke4 49. Nf3 b5 50. Rb2 Rd7 51. Rb4+ Kd5 52. Rd4+ Kc6 53. Ne5+ Kc5 54. Rxd7 1-0

[Event "*** Titled Tuesday Blitz"]
[Site "Chess.com"]
[Date "2019.07.02"]
[Round "10"]
[White "XiaoKangZhong"]
[Black "saraswathii"]
[Result "1/2-1/2"]
[WhiteElo "2257"]
[BlackElo "2322"]
[TimeControl "180+2"]
[EndTime "15:15:48 PDT"]
[Termination "Game drawn by agreement"]

1. e4 c5 2. Nf3 e6 3. c3 Nf6 4. e5 Nd5 5. d4 cxd4 6. cxd4 Nc6 7. Nc3 Nxc3 8. bxc3 d6 9. Be2 dxe5 10. dxe5 Qa5 11. O-O Nxe5 12. Nxe5 Qxe5 13. f4 Qc5+ 14. Kh1 Be7 15. Qd3 O-O 16. Be3 Qc7 17. Bd4 Bd7 18. Qg3 f6 19. Bd3 Bc5 20. Qh4 h6 21. Rf3 e5 22. fxe5 fxe5 23. Bxc5 Rxf3 24. gxf3 Qxc5 25. Rg1 Rf8 26. Qg3 Qe7 27. Qg6 Qf6 28. Qh7+ Kf7 29.
Bc4+ Ke8 30. Bd5 Bc6 31. Bxc6+ Qxc6 32. Rg3 Rxf3 33. Rxf3 Qxf3+ 34. Kg1 Qg4+ 35. Kf2 Qf4+ 36. Kg2 Ke7 37. Qxg7+ Qf7 38. Qxe5+ Qe6 39. Qc5+ Kf7 40. Qxa7 Qc6+ 41. Kf2 Qf6+ 42. Ke2 Qe5+ 43. Kd3 Qd6+ 44. Kc2 Qxh2+ 45. Kb3 Qc7 46. Qf2+ Kg6 47. Qg2+ Kh7 48. Qg4 Qb6+ 49. Kc2 Qf6 50. a4 Qf7 51. Kb2 Qf2+ 52. Kb3 Qb6+ 53. Ka2 Qa5 54. Qd7+ Kg6 55. Qe6+ Kg7 56.
Qe7+ Kg6 57. Qe6+ 1/2-1/2

[Event "*** Titled Tuesday Blitz"]
[Site "Chess.com"]
[Date "2019.07.02"]
[Round "10"]
[White "BakaPG"]
[Black "Warerman"]
[Result "1-0"]
[WhiteElo "2707"]
[BlackElo "2457"]
[TimeControl "180+2"]
[EndTime "15:15:50 PDT"]
[Termination "BakaPG won by resignation"]

1. e4 c6 2. d4 d5 3. Nd2 dxe4 4. Nxe4 Bf5 5. Ng3 Bg6 6. Nf3 Nd7 7. h4 h6 8. h5 Bh7 9. Bd3 Bxd3 10. Qxd3 e6 11. Bd2 Ngf6 12. O-O-O Be7 13. Kb1 O-O 14. Ne4 Nxe4 15.
Qxe4 Nf6 16. Qe2 Qd5 17. Ne5 Qe4 18. Be3 Nd5 19. Qd2 Nxe3 20. fxe3 Bg5 21. Rde1 Rad8 22. Nf3 Bf6 23. Qd3 Qxd3 24. cxd3 c5 25. Rc1 cxd4 26. e4 Rd7 27. Rc4 Rfd8 28. Rhc1 Bg5 29. R1c2 Be3 30.
a4 f6 31. Nh4 Bf4 32. Ng6 Bg3 33. Ka2 Kf7 34. Rb4 f5 35. exf5 exf5 36. Rc5 Ke6 37. Rbb5 Rf7 38. a5 a6 39. Rb6+ Rd6 40. Rb4 Rd5 41.
Rb6+ Rd6 42. b4 Rxb6 43. axb6 Bd6 44. Rc4 Kd5 45. Kb3 f4 46. Nh4 Be5 47. Rc5+ Ke6 48. Nf3 Rf5 49. Kc4 Bf6 50. Rc7 Rxh5 51. Rxb7 Rb5 52. Nd2 g5 53. Ne4 Be5 54. Nc5+ Kf5 55. Re7 Bd6 56. Rb7 g4 57. Nxa6 f3 58. gxf3 g3 59. Kxb5 Bf4 60. Rf7+ Ke6 61. Rxf4 g2 62. Rg4 1-0

[Event "*** Titled Tuesday Blitz"]
[Site "Chess.com"]
[Date "2019.07.02"]
[Round "10"]
[White "stoleriu"]
[Black "darsen_sanzhaev"]
[Result "1-0"]
[WhiteElo "2532"]
[BlackElo "2591"]
[TimeControl "180+2"]
[EndTime "15:15:50 PDT"]
[Termination "stoleriu won by resignation"]

1. e4 c5 2. Nc3 e6 3. Nf3 a6 4. d4 cxd4 5. Nxd4 Qc7 6. Bd3 Nc6 7. Nxc6 bxc6 8. O-O e5 9. f4 Bc5+ 10. Kh1 Nf6 11. fxe5 Qxe5 12. Bf4 Qh5 13. Be2 Qg6 14. Bd6 Bxd6 15. Qxd6 h5 16. Bc4 Rf8 17. e5 Nd5 18. Bxd5 Qxd6 19. exd6 cxd5 20. Nxd5 Rb8 21. Rae1+ Kd8 22.
Nc7 f6 23. b3 Bb7 24. Re7 Bc6 25.
Rfe1 Kc8 26. Re8+ Kb7 27. Rxb8+ Rxb8 28. Re7 g6 29. Re8 a5 30. Rxb8+ Kxb8 31. Kg1 Be4 32. c3 Kb7 33. Ne8 Kc6 34. Nxf6 Bb1 35. a3 Kxd6 36. Kf2 Ke6 37. Nh7 d6 38. Ng5+ Kf5 39. Nf3 Ba2 40. Ke3 g5 41. b4 a4 42. Kd4 g4 43.
Nh4+ Ke6 44. Ng6 Kf5 45. Nh4+ Ke6 46. g3 Bb1 47. Ng2 Kf5 48. Nf4 h4 49. c4 h3 50. c5 dxc5+ 51. Kxc5 Ke4 52. b5 Kf3 53. b6 Be4 54. Nd5 Kg2 55. b7 Kxh2 56. b8=Q Kg2 57. Qb2+ Kxg3 58. Nf6 Bf3 59. Qe5+ Kg2 60. Nh5 h2 61.
Qg3+ Kh1 62. Qf2 1-0

[Event "*** Titled Tuesday Blitz"]
[Site "Chess.com"]
[Date "2019.07.02"]
[Round "10"]
[White "GeorgeTen"]
[Black "xdb"]
[Result "1-0"]
[WhiteElo "2278"]
[BlackElo "2246"]
[TimeControl "180+2"]
[EndTime "15:15:51 PDT"]
[Termination "GeorgeTen won by resignation"]

1. d4 Nf6 2. c4 e6 3. Nf3 b6 4. a3 Ba6 5. e3 d5 6. Nbd2 Nbd7 7. b3 Be7 8. Bd3 O-O 9. O-O c5 10. Bb2 cxd4 11. exd4 Rc8 12. Rc1 Rc7 13. Re1 Qa8 14.
h3 Rfc8 15. Qe2 Nb8 16. Ne5 Nc6 17. Nxf7 Kxf7 18. cxd5 Bxd3 19. Qxe6+ Kf8 20. dxc6 Bg6 21. Nf3 Bf7 22. Qf5 Rxc6 23. Rxc6 Rxc6 24. Ne5 Be6 25.
Qg5 Rc2 26. Nd3 Bxb3 27. Qe5 Qd8 28. Nf4 Rxb2 29. d5 Bxd5 30. Qxb2 Qd6 31. Qe2 Bd8 32. g3 Bf7 33. Rd1 Qe7 34. Qd3 Bc7 35. Ng2 Bd5 36.
Ne3 Bf3 37. Rc1 Bb7 38. Qc4 Qe4 39. Qxe4 Bxe4 40. Rxc7 a5 41. Rc8+ Kf7 42. Rb8 Nd7 43.
Rd8 Ke7 44. Rg8 Kf7 45. Rd8 Ke7 46. Rg8 Kf7 47. Rc8 b5 48. Rc7 Ke6 49. Ra7 a4 50. Nd1 Nc5 51. Nc3 Bc6 52. Rc7 Kd6 53. Rxg7 h6 54.
Rh7 Ne6 55. Rxh6 Bd7 56. Rh5 Nd4 57. Kf1 Be8 58. Rd5+ 1-0

[Event "*** Titled Tuesday Blitz"]
[Site "Chess.com"]
[Date "2019.07.02"]
[Round "10"]
[White "kosmeg"]
[Black "GMKrikor"]
[Result "1-0"]
[WhiteElo "2477"]
[BlackElo "2694"]
[TimeControl "180+2"]
[EndTime "15:15:53 PDT"]
[Termination "kosmeg won by resignation"]

1. d4 f5 2. Bg5 Nf6 3. Bxf6 exf6 4. e3 g6 5. c4 c5 6. dxc5 f4 7. exf4 Bxc5 8. Nc3 Qb6 9. Qd2 O-O 10. Nd5 Re8+ 11. Kd1 Qd8 12. Bd3 Nc6 13. Nf3 d6 14. Re1 Rxe1+ 15.
Kxe1 Bg4 16. Be2 Kg7 17. Kf1 Qd7 18. Rd1 Re8 19. Re1 a5 20. a3 Bxf3 21. Bxf3 Rxe1+ 22. Qxe1 Nd4 23. Bd1 Qd8 24. b4 axb4 25. axb4 Ba7 26.
Ba4 Nf5 27. Qe6 Nd4 28. Qe4 Nf5 29. g3 Nd4 30. Kg2 Nf5 31. h4 Nd4 32. Bd1 f5 33. Qd3 Nc6 34. h5 Nd4 35. hxg6 hxg6 36. Ba4 Qf8 37.
Qd1 Qf7 38. Qe1 Qe6 39. Qxe6 Nxe6 40. Bd7 Nd8 41. Kf3 Kf7 42. Ke2 Bd4 43. f3 Bg1 44. g4 fxg4 45. fxg4 Bd4 46. Kd3 Bg1 47. Ke4 Bf2 48.
b5 Bc5 49. f5 gxf5+ 50. Kxf5 Kg7 51. g5 b6 52. g6 Bg1 53. Nf4 Kg8 54. Be6+ Kg7 55.
Nh5+ Kh6 56. g7 Nxe6 57. g8=Q Nd4+ 58. Ke4 Kxh5 59. Qxg1 1-0

[Event "*** Titled Tuesday Blitz"]
[Site "Chess.com"]
[Date "2019.07.02"]
[Round "10"]
[White "VeraNebolsina"]
[Black "telarubo96"]
[Result "1-0"]
[WhiteElo "2390"]
[BlackElo "2323"]
[TimeControl "180+2"]
[EndTime "15:15:55 PDT"]
[Termination "VeraNebolsina won by resignation"]

1. e4 c6 2. Nc3 g6 3. Nf3 Bg7 4. d4 d6 5. h3 Nf6 6. Bd3 Nbd7 7. O-O e5 8. Be3 Qc7 9. Re1 b5 10. a3 a6 11. Qd2 Bb7 12. Rad1 O-O 13. Bh6 Rfe8 14.
Bxg7 Kxg7 15. Bf1 Nf8 16. dxe5 dxe5 17. Qd6 Rac8 18. Qxc7 Rxc7 19. Rd6 Rd7 20. Red1 c5 21. Rxd7 N8xd7 22. a4 b4 23. Nd5 Bxd5 24. exd5 Nb6 25. d6 e4 26. a5 Nbd5 27. d7 Nxd7 28. Rxd5 Nf6 29. Rxc5 exf3 30. gxf3 Re6 31. Rc7 Re5 32. Bc4 Nd5 33. Ra7 Ne7 34. Rxa6 Rg5+ 35. Kf1 Rc5 36.
Bb3 Nc6 37. Rb6 Nxa5 38. Ba4 Nc4 39. Rxb4 Ne5 40. f4 Nf3 41. c3 h5 42. Rb7 h4 43.
Bb3 Rf5 44. Kg2 Rxf4 45. Rxf7+ Rxf7 46. Bxf7 Ne1+ 47. Kf1 Nd3 48. Be6 Nxb2 49. Ke2 Kf6 50. Bb3 Ke5 51. Kd2 Ke4 52. Kc2 Nd3 53. Bd5+ Kxd5 54. Kxd3 g5 55. Ke3 Kc4 56. Kf3 Kxc3 57. Kg4 Kd3 58. Kxg5 Ke2 59. f4 Kf3 60. f5 Kg3 61. f6 Kxh3 62. f7 Kg3 63. f8=Q h3 64. Qf1 Kh2 65. Kh5 1-0

[Event "*** Titled Tuesday Blitz"]
[Site "Chess.com"]
[Date "2019.07.02"]
[Round "10"]
[White "yoolund"]
[Black "Chesstrainer1"]
[Result "1-0"]
[WhiteElo "2608"]
[BlackElo "2440"]
[TimeControl "180+2"]
[EndTime "15:15:58 PDT"]
[Termination "yoolund won by resignation"]

1. d4 Nf6 2. Bg5 c5 3. d5 Ne4 4.
Bf4 Qb6 5. Nd2 Qxb2 6. Nxe4 Qb4+ 7. Qd2 Qxe4 8. f3 Qb4 9. c3 Qa5 10. e4 g6 11. Be5 f6 12. Bf4 Bg7 13. Rb1 f5 14. e5 a6 15. c4 Qxd2+ 16. Kxd2 g5 17. Be3 Bxe5 18. Bxc5 d6 19. Bf2 Nd7 20. Bd3 Nc5 21.
Bc2 b5 22. Bxc5 dxc5 23. cxb5 axb5 24. Rxb5 c4 25. a4 Bd7 26. Rb4 c3+ 27. Kd1 O-O 28. Ne2 Rfd8 29. Bb3 Kg7 30. Kc2 f4 31. g4 fxg3 32.
Nxg3 Rf8 33. Rf1 Bd6 34. Rc4 Rab8 35. Rxc3 g4 36. fxg4 Bxg4 37. Rg1 Rf2+ 38. Kd3 Kf8 39. Ke4 Rxh2 40. Nf1 h5 41. Nxh2 Bxh2 42. Rf1+ Kg7 43. d6 Bxd6 44. Kd3 Rb4 45. Kc2 h4 46. Rg1 h3 47.
Rc4 h2 48. Rgxg4+ Kf6 49. Rh4 Rxc4+ 50. Bxc4 Bg3 51. Rh3 Ke5 52. Ba6 e6 53. Bb7 Kf4 54. a5 Kg4 55. Rh8 1-0

[Event "*** Titled Tuesday Blitz"]
[Site "Chess.com"]
[Date "2019.07.02"]
[Round "10"]
[White "Andrii_Prydun"]
[Black "PotapovaM"]
[Result "0-1"]
[WhiteElo "2298"]
[BlackElo "2503"]
[TimeControl "180+2"]
[EndTime "15:16:00 PDT"]
[Termination "PotapovaM won by resignation"]

1. d4 Nf6 2. Nf3 e6 3. c3 c5 4. e3 d5 5. Be2 Nc6 6. Nbd2 Bd6 7. dxc5 Bxc5 8. b4 Bd6 9. a3 a5 10. b5 Ne5 11. Bb2 O-O 12. c4 Nxc4 13. Bxc4 dxc4 14.
Nxc4 Be7 15. Qxd8 Rxd8 16. Nb6 Rb8 17. Be5 Bd6 18. O-O-O Nd5 19. Bxd6 Rxd6 20. Nc4 Rd7 21. e4 Rc7 22. Ne5 f6 23. b6 Rc5 24. Kb2 fxe5 25. Nxe5 Rb5+ 26. Ka1 Rxb6 27. exd5 exd5 28. Rxd5 Be6 29.
Rxa5 Rf8 30. f3 Rd8 31. Rb1 Rbd6 32. Ra7 Rd2 33. Rb2 Rd1+ 34. Rb1 h6 35. Rxd1 Rxd1+ 36. Kb2 Bd5 37. Kc3 Rg1 38. Ra8+ Kh7 39. Rd8 Be6 40. Re8 Bd5 41. Kd4 Rd1+ 42. Kc5 Bb3 43. Re7 h5 44. Rxb7 Ba2 45. Rb2 Bg8 46. a4 Rd5+ 47. Kb6 Rxe5 48. a5 Bc4 49. Rb4 Bf1 50. Re4 Rb5+ 51.
Kc6 Rxa5 52. g3 Bg2 53. Re3 Rf5 54. Kd6 Rxf3 55. Re5 Rf6+ 56. Kc5 Bf3 57. Kd4 Bg4 58. h4 Rf3 59. Kc5 Rxg3 0-1

[Event "*** Titled Tuesday Blitz"]
[Site "Chess.com"]
[Date "2019.07.02"]
[Round "10"]
[White "ClockworkKubrick"]
[Black "przemekpiotrowski"]
[Result "0-1"]
[WhiteElo "2098"]
[BlackElo "2333"]
[TimeControl "180+2"]
[EndTime "15:16:04 PDT"]
[Termination "przemekpiotrowski won by resignation"]

1. e4 c5 2. Nf3 Nc6 3. Nc3 g6 4. Bb5 Bg7 5. Bxc6 dxc6 6. O-O e5 7. d3 Qe7 8. Be3 Nf6 9. a4 a5 10. Qd2 h6 11. h3 Nd7 12. Nh2 Nf8 13. f4 exf4 14.
Bxf4 Ne6 15. Be3 b6 16. Rf2 h5 17. Raf1 O-O 18. Bh6 Bxh6 19. Qxh6 Qg5 20. Qxg5 Nxg5 21. Rf6 Be6 22. Nf3 Nh7 23. Rf4 g5 24. Rf5 Bxf5 25. exf5 f6 26. Ne4 Rad8 27. g4 h4 28. Nfd2 Rf7 29.
Nc4 Rb7 30. Ncd6 Rbd7 31. Nc4 Rb8 32. Kf2 Kg7 33. Kf3 Nf8 34. Re1 Re7 35. Rf1 Nd7 36. Rd1 Ne5+ 37. Nxe5 Rxe5 38. Rd2 Rd8 39. Re2 Rd4 40. b3 Rd7 41. Re3 Rde7 42. Re1 Rb7 43. Rd1 Rd7 44. Ra1 Kf7 45. Rh1 Ke7 46. Ra1 Rb7 47. Kf2 Ra7 48. Kf3 b5 49. Kf2 c4 50.
bxc4 bxc4 51. Ra3 cxd3 52. cxd3 Rb7 53. Rc3 Rb2+ 54. Ke3 Rh2 55. Rxc6 Rxh3+ 56. Kd4 Rg3 57. Nxf6 Ree3 58. Nd5+ Kd7 59. Rc7+ Kd6 60. Nxe3 Kxc7 61. f6 Kd7 62. f7 Ke7 63. Nf5+ Kxf7 64. Nxg3 hxg3 65.
Ke3 Ke6 66. Kf3 Ke5 67. Kxg3 Kd4 68. Kf2 Kxd3 69. Kf3 Kd4 70. Ke2 Ke4 71. Kd2 Kf4 72.
Kd3 Kxg4 73. Kc4 Kf4 74. Kb5 g4 75. Kxa5 g3 76. Kb6 g2 77. a5 g1=Q+ 78. Kb7 Qb1+ 79. Ka7 Qb5 80. a6 Ke5 81. Ka8 Qxa6+ 0-1

[Event "*** Titled Tuesday Blitz"]
[Site "Chess.com"]
[Date "2019.07.02"]
[Round "10"]
[White "M1711"]
[Black "colegiodemadrid"]
[Result "0-1"]
[WhiteElo "2483"]
[BlackElo "2458"]
[TimeControl "180+2"]
[EndTime "15:16:10 PDT"]
[Termination "colegiodemadrid won by checkmate"]

1. e4 c5 2. Nf3 d6 3. Nc3 a6 4. d4 cxd4 5. Nxd4 Nf6 6. Bg5 e6 7.
f4 h6 8. Bh4 Qb6 9. Qd2 Qxb2 10. Rb1 Qa3 11. e5 dxe5 12. fxe5 Nfd7 13. Be2 Qc5 14.
Nxe6 Qxe5 15. Nd5 Bd6 16. Nef4 O-O 17. O-O Nc6 18. Bg3 Qd4+ 19. Qxd4 Nxd4 20. Bd3 Nc5 21. Nb6 Rb8 22. Nxc8 Rbxc8 23. Nd5 Rcd8 24. Bxd6 Rxd6 25. Ne7+ Kh8 26. Ng6+ Kg8 27. Ne7+ Kh8 28. Ng6+ Kg8 29. Nxf8 Kxf8 30. Bc4 f6 31. Rbd1 Ne4 32. Rfe1 f5 33. h3 g6 34. a3 Kg7 35. Bd3 Nc3 36.
Re7+ Kf6 37. Rde1 b5 38. Rh7 Nd5 39. Rxh6 Kg5 40. Rh8 Nf4 41. Ra8 Kf6 42. Ree8 Kg5 43. Kh2 Nde6 44. g3 Nd5 45. h4+ Kf6 46. Rh8 Nc5 47.
Bf1 Ne3 48. Be2 Rd2 49. Kh3 Rxe2 50. Raf8+ Ke5 51. Re8+ Ne6 52. g4 f4 53. g5 Nf5 54.
h5 Re3+ 55. Kh2 gxh5 56. g6 Rg3 57. Rxh5 Rxg6 58. Ra8 Nd4 59. Re8+ Kd5 60. Rd8+ Ke4 61. Re8+ Kf3 62. Rh3+ Ng3 63. Re1 Kf2 64. Rd1 Nf3# 0-1